 Dungeon Crawl Stone Soup version 0.26-a0-665-gefeb406119 (webtiles) character file.

Game seed: 18396449594220683980

363 snetch the Chopper (level 6, -13/82 HPs)
             Began as a Minotaur Berserker on Oct 14, 2020.
             Was a Priest of Trog.
             Mangled by an orc warrior
             ... wielding a +0 war axe
              (17 damage)
             ... on level 4 of the Dungeon.
             The game lasted 00:08:42 (3621 turns).

snetch the Chopper (Minotaur Berserker)             Turns: 3621, Time: 00:08:42

Health: -13/82     AC:  7    Str: 23    XL:     6   Next: 39%
Magic:  5/5        EV: 11    Int:  4    God:    Trog [***...]
Gold:   114        SH:  0    Dex: 10    Spells: 5/5 levels left

rFire    + . .     SeeInvis .   a - +0 battleaxe
rCold    + . .     Faith    .   (shield currently unavailable)
rNeg     . . .     Spirit   .   v - +0 scale mail
rPois    .         Reflect  .   (helmet restricted)
rElec    .         Harm     .   l - scarf {rC+ rF+}
rCorr    .         Rampage  .   (no gloves)
MR       .....                  (no boots)
Stlth    ..........             (no amulet)
HPRegen  0.23/turn              (no ring)
MPRegen  0.09/turn              (no ring)

@: berserking, very quick
A: retaliatory headbutt, horns 2
a: Berserk, Trog's Hand, Renounce Religion


You were on level 4 of the Dungeon.
You worshipped Trog.
Trog was most pleased with you.
You visited 1 branch of the dungeon, and saw 5 of its levels.
You also visited: Ossuary.

You collected 114 gold pieces.

Inventory:

Hand Weapons
 a - a +0 battleaxe (weapon)
 t - a +0 hand axe
 w - a +0 flail
Missiles
 c - 135 stones
 g - 5 javelins
 m - 19 sling bullets
 u - 12 poisoned darts (quivered)
 x - 4 boomerangs
Armour
 l - a scarf of resistance (worn)
 v - a +0 scale mail (worn)
Scrolls
 b - a scroll of amnesia {unknown}
 i - 7 scrolls of identify {unknown}
 j - 3 scrolls of enchant armour {unknown}
 k - 3 scrolls of teleportation {unknown}
 n - 6 scrolls of remove curse {unknown}
 p - a scroll of vulnerability {unknown}
 s - a scroll of magic mapping {unknown}
 y - a scroll of immolation {unknown}
Potions
 d - a potion of stabbing {unknown}
 e - 5 potions of degeneration {unknown}
 f - 3 potions of magic {unknown}
 h - 2 potions of curing {unknown}
 o - 4 potions of might {unknown}
 q - a potion of flight {unknown}
 r - a potion of haste {unknown}


   Skills:
 + Level 4.8 Fighting
 * Level 6.7 Axes
 + Level 4.3 Armour
 + Level 3.0 Dodging
 + Level 0.3 Stealth


You had 5 spell levels left.
You didn't know any spells.
Your spell library contained the following spells:

 Spells                   Type           Power        Failure   Level
 Confusing Touch          Hex            #.......     99%         3
 Gell's Gravitas          Tloc           #.........   99%         3
 Petrify                  Tmut/Erth      #.......     100%        4
 Metabolic Englaciation   Hex/Ice        #.........   100%        5
 Yara's Violent Unravell  Hex/Tmut       #.........   100%        5


Dungeon Overview and Level Annotations

Branches:
Dungeon (5/15)            Ossuary (visited)
 Temple: D:4-7

Altars:


Innate Abilities, Weirdness & Mutations

You reflexively headbutt those who attack you in melee.
You have a pair of horns on your head.


Message History

You closely miss the orc warrior. Your headbutt misses the orc warrior.
The orc warrior is severely wounded.
The orc warrior hits you with a +0 war axe!
Unknown command.
You closely miss the orc warrior.
You headbutt the orc warrior, but do no damage.
The orc warrior is severely wounded.
You closely miss the orc warrior.
The orc warrior is severely wounded.
The orc warrior hits you with a +0 war axe!!
* * * LOW HITPOINT WARNING * * *
The orc wizard mumbles some strange words.
The orc wizard flickers and vanishes!
Deactivating autopickup; reactivate with Ctrl-A.
A red film seems to cover your vision as you go berserk!
You feel yourself moving faster!
You feel mighty!
You hit the orc warrior. Your headbutt misses the orc warrior.
The orc warrior is severely wounded.
The orc warrior hits you with a +0 war axe!
You die...

#.# #.# .. #.# $.
###.# #.# ...#
.(# #.## o..#
#..## #{o
##.#.##o#
######..##.@#
........#########
.....##.........
####.###.####.###
#.............
######...######.
................
######...######
#..##


You could see an orc warrior and 2 orcs.

Vanquished Creatures
  An ogre (D:4)
  12 mummies (Ossuary)
  4 adders
  A dart slug (D:1)
  6 leopard geckos
  5 orcs
  5 giant cockroaches
  9 goblins
  8 hobgoblins
  A quokka (D:4)
  A ball python (D:3)
  5 bats
  7 frilled lizards
  A gnoll skeleton (Ossuary)
  3 goblin skeletons (Ossuary)
  9 kobolds
  2 kobold skeletons (Ossuary)
  2 orc skeletons (Ossuary)
  2 rats
  11 rat skeletons (Ossuary)
95 creatures vanquished.

Notes
Turn   | Place    | Note
-------+----------+-------------------------------------------
     0 | D:1      | snetch the Minotaur Berserker began the quest for the Orb.
     0 | D:1      | Reached XP level 1. HP: 19/19 MP: 0/0
   194 | D:1      | Reached XP level 2. HP: 17/27 MP: 1/1
   196 | D:1      | Reached skill level 4 in Axes
  1184 | D:3      | Reached XP level 3. HP: 32/33 MP: 2/2
  1217 | D:3      | Reached ** piety under Trog
  1387 | D:4      | Noticed an ogre
  1400 | D:4      | Killed an ogre
  1400 | D:4      | Reached skill level 5 in Axes
  1400 | D:4      | Reached XP level 4. HP: 40/41 MP: 3/3
  1400 | D:4      | Reached XP level 5. HP: 46/47 MP: 4/4
  1453 | D:4      | Found a sand-covered staircase.
  1458 | Ossuary  | Entered an ossuary
  1661 | Ossuary  | Reached skill level 6 in Axes
  1976 | Ossuary  | Reached XP level 6. HP: 53/53 MP: 5/5
  2084 | Ossuary  | Reached *** piety under Trog
  2249 | D:5      | Entered Level 5 of the Dungeon
  3611 | D:4      | Noticed an orc warrior
  3619 | D:4      | HP: 2/55 [orc warrior/+0 war axe (19)]
  3621 | D:4      | Mangled by an orc warrior

Illustrated notes

Levels and vault maps discovered:
D:1:      minmay_arrival_shattered_statue, layout_rooms, grunt_decor_arrowhead
D:2:      layout_basic, kennysheep_big_empty_room
D:3:      layout_loops_cross, hangedman_decor_push
D:4:      layout_loops_ring, minmay_temple_entry_nine_rooms,
          nicolae_ossuary_entry_false_entrances, guppyfry_early_orc_mine
D:5:      layout_basic, fedhas_altar_fruit_tree

Skill      XL: |  1  2  3  4  5  6 |
---------------+-------------------+-----
Axes           | 4 5 6 |  6.7
Fighting       | 4 |  4.8
Armour         | 3 4 |  4.3
Dodging        | 3 |  3.0
Stealth        | |  0.3

Action                   |  1- 3 |  4- 6 || total
-------------------------+-------+-------++-------
Melee: Hand axe          |    71 |   104 ||   175
       Headbutt          |     8 |    31 ||    39
       Battleaxe         |       |    42 ||    42
Invok: Berserk           |     1 |     1 ||     2
Armor: Animal skin       |     6 |       ||     6
       Ring mail         |    18 |    20 ||    38
       Scale mail        |       |    20 ||    20
Dodge: Dodged            |    56 |    84 ||   140

Table legend: (Time is in decaauts)
 A = Elapsed time spent in this place.
 B = Non-inter-level travel time spent in this place.
 C = Inter-level travel time spent in this place.
 D = Time resting spent in this place.
 E = Time spent auto-exploring this place.
 F = Levels seen in this place.
 G = Mean time per level.
                   A        B        C        D        E       F      G
               +--------+--------+--------+--------+--------+-----+--------+
         Total |   3666 |   3567 |     99 |    139 |   2378 |   6 |  611.0 |
       Dungeon |   2903 |   2804 |     99 |    139 |   1805 |   5 |  580.6 |
       Ossuary |    763 |    763 |      0 |      0 |    573 |   1 |  763.0 |
               +--------+--------+--------+--------+--------+-----+--------+

Top non-repeatable levels by time:
     D:2: 1042 daAuts
     D:3: 921 daAuts
     D:1: 780 daAuts
 Ossuary: 763 daAuts
     D:4: 156 daAuts
     D:5: 1 daAuts
